 Dungeon Crawl Stone Soup version 0.25-a0-1130-g3926558f3a (webtiles) character file.

Game seed: 11486734485356481730, levelgen mode: deterministic

1584 tilp the Bolt Thrower (level 9, -9/55 HPs)
             Began as a Kobold Arcane Marksman on May 19, 2020.
             Was an Initiate of Okawaru.
             Killed by divine providence
             ... invoked by an orc priest
              (15 damage)
             ... on level 5 of the Dungeon.
             The game lasted 00:17:19 (9733 turns).

tilp the Bolt Thrower (Kobold Arcane Marksman)      Turns: 9733, Time: 00:17:20

Health: -9/55      AC: 10    Str: 11    XL:     9   Next: 14%
Magic:  12/12      EV:  8    Int: 14    God:    Okawaru [......]
Gold:   384        SH:  0    Dex: 15    Spells: 7/10 levels left

rFire    . . .     SeeInvis .   a - +0 hand crossbow
rCold    . . .     Gourm    .   (shield restricted)
rNeg     . . .     Faith    .   s - +0 chain mail
rPois    .         Spirit   .   u - +0 helmet
rElec    .         Reflect  .   (no cloak)
rCorr    +         Harm     .   B - +0 pair of gloves
MR       +....                  (no boots)
Stlth    ..........             o - amulet of the acrobat
HPRegen  0.18/turn              c - ring of resist corrosion
MPRegen  0.13/turn              e - ring of protection from magic

@: heavily drained
A: small, carnivore
a: Renounce Religion


You were on level 5 of the Dungeon.
You worshipped Okawaru.
Okawaru was noncommittal.
You were very full.

You visited 2 branches of the dungeon, and saw 7 of its levels.

You collected 384 gold pieces.

Inventory:

Hand Weapons
 a - a +0 hand crossbow (weapon)
 b - a +1 hand axe of flaming
 r - a +0 war axe
 t - a +2 antimagic dagger
Missiles
 d - 30 bolts (quivered)
 h - 11 poisoned darts
 G - 2 boomerangs
Armour
 i - a +0 ring mail
 s - a +0 chain mail (worn)
 u - a +0 helmet (worn)
 B - a +0 pair of gloves (worn)
 F - the cursed +0 buckler of Conscience {Str+3 Dex+4}
   (You found it on level 5 of the Dungeon)

   It affects your strength (+3).
   It affects your dexterity (+4).
   It has a curse placed upon it.
Jewellery
 c - a ring of resist corrosion (left hand)
 e - a ring of protection from magic (right hand)
 l - an uncursed amulet of guardian spirit
 n - an uncursed amulet of magic regeneration
 o - an amulet of the acrobat (around neck)
Wands
 w - a wand of clouds (4)
Scrolls
 g - a scroll of fear {unknown}
 j - 2 scrolls of teleportation
 k - a scroll of noise {unknown}
 p - a scroll of fog {unknown}
 x - 2 scrolls of amnesia
 y - a scroll of enchant armour {unknown}
 z - a scroll of magic mapping {unknown}
 A - a scroll of remove curse
 E - a scroll of blinking {unknown}
 H - a scroll of torment {unknown}
 J - a scroll of immolation {unknown}
Potions
 q - 2 potions of stabbing
 v - a potion of ambrosia {unknown}
 C - a potion of lignification {unknown}
 D - 2 potions of curing
 I - a potion of invisibility {unknown}
Comestibles
 f - 14 rations


   Skills:
 - Level 6.0(4.7) Fighting
 - Level 6.0(4.7) Crossbows
 - Level 6.0(4.7) Dodging
 - Level 4.0(2.8) Stealth
 + Level 3.9(2.7) Shields
 - Level 1.1(0.0) Spellcasting
 - Level 3.0(1.9) Hexes
 - Level 4.0(2.8) Evocations


You had 7 spell levels left.
You knew the following spells:

 Your Spells              Type           Power        Failure   Level  Hunger
a - Corona                Hex            #......      100%        1    ##.....
b - Slow                  Hex            #.......     100%        2    ###....

Your spell library contained the following spells:

 Spells                   Type           Power        Failure   Level  Hunger
 Animate Skeleton         Necr           N/A          100%        1    ##.....
 Apportation              Tloc           #.....       100%        1    ##.....
 Summon Small Mammal      Summ           #...         100%        1    ##.....
 Inner Flame              Hex/Fire       #.......     100%        3    ####...
 Portal Projectile        Hex/Tloc       #.....       100%        3    ####...
 Cause Fear               Hex            #.........   100%        4    #####..
 Leda's Liquefaction      Hex/Erth       #.........   100%        4    #####..


Dungeon Overview and Level Annotations

Branches:
Dungeon (6/15)             Temple (1/1) D:6

Altars:
Ashenzari
Cheibriados
Dithmenos
Fedhas
Kikubaaqudgha
Makhleb
Okawaru
Qazlal
Sif Muna
Uskayaw
Vehumet
Yredelemnul
The Shining One

Shops:
D:6 =

Annotations:
D:3 Grinder
D:4 bolts on island
D:5 2 transporters, dig vault, Menkaure


Innate Abilities, Weirdness & Mutations

You are small and have problems with some larger weapons.
You are carnivorous and can eat meat at any time.


Message History

Firing (i - inventory. (/) - cycle)
d - 32 bolts (quivered)
Press: ? - help, Shift-Dir - straight line, f/p - orc priest
Aim: an orc priest, wielding a +0 mace (heavily wounded)
You shoot a bolt. The bolt barely misses the orc priest.
The orc priest barely misses you. The orc closely misses you.
The orc barely misses you.
The orc priest invokes the aid of Beogh against you.
Beogh smites you!
* * * LOW HITPOINT WARNING * * *
Firing (i - inventory. (/) - cycle)
d - 31 bolts (quivered)
Press: ? - help, Shift-Dir - straight line, f/p - orc priest
Aim: an orc priest, wielding a +0 mace (heavily wounded)
You shoot a bolt. The bolt closely misses the orc priest.
The orc hits you with a +1 whip of draining.
* * * LOW HITPOINT WARNING * * *
You feel drained.
* * * LOW HITPOINT WARNING * * *
The orc priest mumbles some strange prayers to Beogh against you.
Beogh smites you!
You die...

##.##...##.###.###...#####.##
#..........# #.##.###.## #.#
#..##...#..###.#.#####.# #.#
#..###...........#...#.# #.#
#..# ###.......#.......# #.#
#..# #....>..#.......# #.#
#..# #.......#....<..# #.#
#..### #.......#.......# #.#
#....# #(..o@..##[....## #.#
#.##.###....o........#####.#
#.##.##...........#..# #.<.#
#.##.##.#########.#..# #.###
#.##.##.# #.#..# #.#
#.##.##.# #####.#..# #.#
#.##.##.#####........# #.#
#.............###.##.# #.#
####....####### #.##.# #.#


You could see an orc priest and an orc.

Vanquished Creatures
  A sky beast (D:5)
  2 phantoms
  3 ogres
  A centaur (D:6)
  A bullfrog (D:6)
  Blork the orc (D:4)
  A scorpion (D:4)
  A howler monkey (D:3)
  4 hounds
  A jelly (D:6)
  5 orc priests
  5 orc wizards
  2 iguanas (D:5)
  4 worker ants
  Robin (D:3)
  6 adders
  An adder skeleton (D:4)
  5 worms
  A dart slug (D:4)
  A leopard gecko (D:1)
  17 orcs
  2 ball pythons
  5 giant cockroaches
  12 goblins
  6 hobgoblins
  3 jackals (D:4)
  5 quokkas
  9 bats
  7 frilled lizards
  A jackal skeleton (D:5)
  6 kobolds
  5 rats
125 creatures vanquished.

Vanquished Creatures (others)
  A ball python (D:3)
  A frilled lizard (D:3)
  A kobold (D:3)
3 creatures vanquished.

Grand Total: 128 creatures vanquished

Notes
Turn   | Place    | Note
-------+----------+-------------------------------------------
     0 | D:1      | tilp the Kobold Arcane Marksman began the quest for the
                  | Orb.
     0 | D:1      | Reached XP level 1. HP: 12/12 MP: 2/2
   280 | D:1      | Reached XP level 2. HP: 11/17 MP: 0/3
  1738 | D:2      | Reached XP level 3. HP: 23/23 MP: 4/4
  2332 | D:2      | Reached XP level 4. HP: 14/29 MP: 3/5
  2877 | D:3      | Reached XP level 5. HP: 33/33 MP: 6/6
  2885 | D:3      | Noticed Grinder
  3301 | D:3      | Noticed Robin
  3313 | D:3      | Killed Robin
  3322 | D:3      | Reached skill level 5 in Crossbows
  3356 | D:3      | Found a shimmering blue altar of Sif Muna.
  3835 | D:3      | Reached XP level 6. HP: 25/38 MP: 2/7
  4794 | D:3      | Paralysed by Grinder for 7 turns
  4950 | D:4      | Noticed an ogre
  5241 | D:4      | Killed an ogre
  5294 | D:4      | Reached XP level 7. HP: 44/44 MP: 8/8
  6043 | D:4      | Found a burning altar of Makhleb.
  6094 | D:4      | HP: 1/44 [orc priest/nerve-wracking pain (13)]
  6409 | D:4      | Noticed Blork the orc
  6416 | D:4      | Killed Blork the orc
  6416 | D:4      | Reached skill level 5 in Fighting
  6439 | D:4      | Found a shimmering blue altar of Sif Muna.
  6775 | D:4      | Reached XP level 8. HP: 41/50 MP: 6/9
  7061 | D:4      | Learned a level 2 spell: Slow
  7071 | D:5      | Entered Level 5 of the Dungeon
  7099 | D:5      | Noticed a wraith
  7103 | D:5      | Found a basalt altar of Yredelemnul.
  7103 | D:5      | Noticed Menkaure
  7104 | D:5      | Found an ancient bone altar of Kikubaaqudgha.
  7108 | D:5      | Noticed a wraith
  7118 | D:5      | Noticed a vampire
  7192 | D:5      | Found a transporter.
  7228 | D:5      | Reached skill level 5 in Dodging
  7609 | D:5      | Reached skill level 1 in Evocations
  7722 | D:5      | Got a jewelled buckler
  7762 | D:5      | Found a transporter.
  7953 | D:5      | Identified the cursed +0 buckler of Conscience {Str+3
                  | Dex+4} (You found it on level 5 of the Dungeon)
  8550 | D:6      | Found Efiepyfa's Jewellery Shop.
  8750 | D:6      | Reached skill level 1 in Shields
  8856 | D:6      | Reached XP level 9. HP: 40/55 MP: 12/12
  9067 | D:6      | Found a staircase to the Ecumenical Temple.
  9258 | Temple   | Entered the Ecumenical Temple
  9385 | Temple   | Became a worshipper of Warmaster Okawaru
  9733 | D:5      | Killed from afar by an orc priest

Illustrated notes

Levels and vault maps discovered:
D:1:      dpeg_arrival_signposts, layout_loops_corners, minmay_misc_feat_rugged
D:2:      layout_loops_ring
D:3:      layout_basic, old_standard_altar, chequers_serial_rivers_small_b,
          uniq_grinder, uniq_robin
D:4:      layout_cave_pools, lemuel_round_altar, tgw_sif
D:5:      layout_loops_ring, gammafunk_temple_of_torment, first_ration,
          minmay_misc_feat_room, due_unseen_surprise
D:6:      layout_basic, grunt_temple_overflow_open,
          minmay_temple_entry_statues_fountains, serial_shops,
          nicolae_shop_temple_entry_statues_fountains, chequers_mini_garden
Temple:   nicolae_temple_figure_zero

Skill      XL: |  1  2  3  4  5  6  7  8 |
---------------+-------------------------+-----
Fighting       | 2 3 4 5 6 |  6.0
Crossbows      | 3 5 6 |  6.0
Dodging        | 3 4 6 |  6.0
Stealth        | 2 4 |  4.0
Evocations     | 4 |  4.0
Shields        | 3 |  3.9
Spellcasting   | |  1.1
Hexes          | |  3.0

Action                   |  1- 3 |  4- 6 |  7- 9 || total
-------------------------+-------+-------+-------++-------
Melee: Dagger            |    48 |   122 |   151 ||   321
       Short sword       |    15 |    74 |       ||    89
       Hand axe          |       |       |    50 ||    50
 Fire: Hand crossbow     |    74 |    41 |   121 ||   236
Throw: Dart              |       |       |     1 ||     1
 Cast: Corona            |     9 |       |     2 ||    11
  Use: Scroll            |     1 |     3 |     4 ||     8
       Potion            |       |     1 |     2 ||     3
 Stab: Sleeping          |     1 |       |     2 ||     3
  Eat: Chunk             |    13 |     9 |    14 ||    36
Armor: Leather armour    |    17 |    49 |    34 ||   100
       Chain mail        |       |       |    44 ||    44
Dodge: Dodged            |   120 |   178 |   181 ||   479

Table legend:
 A = Non-vault XP
 B = Vault XP
 C = Vault XP percentage of total XP
 D = Non-vault monster count
 E = Vault monster count
 F = Vault count percentage of total count
                 A         B        C        D         E       F
            +---------+---------+-------+---------+---------+-------
      Total |    2141 |     123 |   5.4 |     113 |      11 |   8.9
            +---------+---------+-------+---------+---------+-------
        D:1 |      27 |       0 |   0.0 |      18 |       0 |   0.0
        D:2 |     111 |       2 |   1.8 |      22 |       1 |   4.3
        D:3 |     174 |      31 |  15.1 |      17 |       9 |  34.6
        D:4 |     621 |      90 |  12.7 |      21 |       1 |   4.5
        D:5 |     518 |       0 |   0.0 |      15 |       0 |   0.0
        D:6 |     690 |       0 |   0.0 |      20 |       0 |   0.0
            +---------+---------+-------+---------+---------+-------
